 Dungeon Crawl Stone Soup version 0.21.1-1-g345015fe64 (webtiles) character file.

212 Roikka the Magician (level 5, -2/28 HPs)
             Began as a Deep Elf Wizard on June 25, 2018.
             Succumbed to a water moccasin's poison
             ... on level 4 of the Dungeon.
             The game lasted 00:16:57 (3929 turns).

Roikka the Magician (Deep Elf Wizard)               Turns: 3929, Time: 00:16:58

Health: -2/28      AC:  2    Str:  4    XL:     5   Next: 58%
Magic:  0/13       EV: 13    Int: 24    God:
Gold:   186        SH:  0    Dex: 13    Spells: 4/14 levels left

rFire    . . .     SeeInvis .   e - +1 club
rCold    . . .     Gourm    .   (no shield)
rNeg     . . .     Faith    .   a - +0 robe
rPois    .         Spirit   .   b - +0 hat
rElec    .         Reflect  .   (no cloak)
rCorr    .         Harm     .   (no gloves)
MR       +....                  (no boots)
Stlth    ++........             (no amulet)
HPRegen  0.09/turn              (no ring)
MPRegen  0.13/turn              (no ring)

@: lethally poisoned (-2 -> -40), very slightly contaminated
A: low mp 1, magic resistance 1
a: no special abilities


You were on level 4 of the Dungeon.
You were not hungry.

You visited 1 branch of the dungeon, and saw 6 of its levels.

You collected 186 gold pieces.

Inventory:

Hand Weapons
 e - a +1 club (weapon)
 g - a +0 short sword
Armour
 a - a +0 robe (worn)
 b - a +0 hat (worn)
Jewellery
 l - a cursed amulet of inaccuracy {unknown}
Scrolls
 f - a scroll of magic mapping
 h - a scroll of remove curse
 j - 3 scrolls of enchant weapon
Books
 c - a book of Minor Magic

   Spells                             Type                      Level
   a - Magic Dart                     Conjuration                  1
   b - Blink                          Translocation                2
   c - Call Imp                       Summoning                    2
   d - Slow                           Hexes                        2
   e - Conjure Flame                  Conjuration/Fire             3
   f - Mephitic Cloud                 Conjuration/Poison/Air       3
Comestibles
 d - 6 rations


   Skills:
 - Level 3.0 Dodging
 - Level 2.4 Stealth
 + Level 5.1 Spellcasting
 * Level 3.4 Conjurations
 - Level 4.0 Summonings
 - Level 1.1 Translocations
 + Level 0.5 Air Magic
 + Level 0.7 Poison Magic


You had 4 spell levels left.
You knew the following spells:

 Your Spells              Type           Power        Failure   Level  Hunger
a - Magic Dart            Conj           ###.         1%          1    None
b - Call Imp              Summ           ####....     2%          2    None
c - Blink                 Tloc           N/A          9%          2    None
d - Slow                  Hex            #.......     13%         2    None
e - Mephitic Cloud        Conj/Pois/Air  ##......     14%         3    ##.....


Dungeon Overview and Level Annotations

Branches:
Dungeon (6/15)
 Temple: D:4-7

Altars:
Dithmenos
Ru

Shops:
D:4 *

Annotations:
D:5 Necrophagist's ghost, amateur DECj


Innate Abilities, Weirdness & Mutations

Your magical capacity is low. (-10% MP)
You are resistant to hostile enchantments. (MR+)


Message History

Press: ? - help, Shift-Dir - straight line, f/p - water moccasin
Aim: a water moccasin (moderately wounded)
The magic dart hits the water moccasin.
The water moccasin is moderately wounded.
* * * LOW HITPOINT WARNING * * *
You feel sick. The water moccasin barely misses you.
The water moccasin bites you.
* * * LOW HITPOINT WARNING * * *
You are more poisoned.
The water moccasin poisons you!
Your crimson imp blinks!
The adder bites you.
* * * LOW HITPOINT WARNING * * *
Casting: Magic Dart
Confirm with . or Enter, or press ? or * to list all spells.
Aiming: Magic Dart
Press: ? - help, Shift-Dir - straight line, f/p - water moccasin
Aim: a water moccasin (moderately wounded)
You miscast Magic Dart.
Sparks fly from your hands!
You die...

#########
#.......##### ####
##@S........# #...
#SS........####...
+.∩.'..§.......'......
#...#......5...#......
################......
#...... #......
#...... #......


You could see 2 water moccasins, an adder and a friendly crimson imp.

Vanquished Creatures
  A centaur skeleton (D:4)
  2 oozes
  An adder skeleton (D:5)
  A worm (D:3)
  3 leopard geckos (D:2)
  4 orcs
  A ball python (D:2)
  7 bats
  11 goblins
  A hobgoblin (D:3)
  A jackal (D:2)
  4 frilled lizards
  4 kobolds
  3 rats
44 creatures vanquished.

Vanquished Creatures (collateral kills)
  Sigmund (D:4)
  2 worker ants
  2 orcs (D:3)
  A goblin (D:1)
  A hobgoblin (D:1)
  A jackal (D:2)
  A ball python (D:1)
  A rat (D:1)
10 creatures vanquished.

Grand Total: 54 creatures vanquished

Notes
Turn   | Place    | Note
-------+----------+-------------------------------------------
     0 | D:1      | Roikka the Deep Elf Wizard began the quest for the Orb.
     0 | D:1      | Reached XP level 1. HP: 10/10 MP: 7/7
     1 | D:1      | Found a sacrificial altar of Ru.
   341 | D:1      | Reached XP level 2. HP: 15/15 MP: 5/9
   472 | D:1      | Learned a level 2 spell: Call Imp
   475 | D:1      | Learned a level 2 spell: Blink
   478 | D:1      | Learned a level 2 spell: Slow
  1173 | D:2      | Found a shadowy altar of Dithmenos.
  1286 | D:2      | Reached XP level 3. HP: 19/19 MP: 7/11
  1521 | D:2      | Reached skill level 5 in Spellcasting
  2794 | D:3      | Reached XP level 4. HP: 18/24 MP: 5/13
  3069 | D:4      | Noticed Sigmund
  3075 | D:4      | Killed Sigmund
  3075 | D:4      | Reached XP level 5. HP: 28/28 MP: 5/14
  3166 | D:3      | You fall through a shaft for 3 floors!
  3182 | D:5      | Entered Level 5 of the Dungeon
  3238 | D:5      | Learned a level 3 spell: Mephitic Cloud
  3460 | D:5      | Noticed Necrophagist's ghost (amateur DECj)
  3556 | D:4      | Gained mutation: Your magical capacity is low. (-10% MP) [potion of mutation]
  3556 | D:4      | Gained mutation: You are resistant to hostile enchantments. (MR+) [potion of mutation]
  3561 | D:4      | Noticed a wyvern
  3578 | D:4      | HP: 1/28 [poisoned by a worker ant]
  3923 | D:4      | Found Fagac's Serpentskin Sales.
  3923 | D:4      | Noticed a water moccasin
  3926 | D:4      | Noticed a water moccasin
  3928 | D:4      | HP: 1/28 [adder (3)]
  3929 | D:4      | Succumbed to a water moccasin's poison

Skill      XL: |  1  2  3  4  5 |
---------------+----------------+-----
Dodging        | 3 |  3.0
Conjurations   | 2 3 |  3.4
Spellcasting   | 5 |  5.1
Summonings     | 2 3 4 |  4.0
Stealth        | |  2.4
Translocations | |  1.1
Air Magic      | |  0.5
Poison Magic   | |  0.7

Action                   |  1- 3 |  4- 6 || total
-------------------------+-------+-------++-------
Melee: Club              |    12 |       ||    12
       Dagger            |     4 |       ||     4
 Cast: Magic Dart        |    77 |    42 ||   119
       Call Imp          |     9 |     7 ||    16
       Slow              |       |     1 ||     1
  Use: Scroll            |     5 |       ||     5
       Potion            |     4 |     1 ||     5
  Eat: Chunk             |     3 |       ||     3
       Ration            |     1 |     1 ||     2
Armor: Robe              |     9 |       ||     9
Dodge: Dodged            |    32 |     5 ||    37
